 Dungeon Crawl Stone Soup version 0.29-a0-323-g050149af67 (webtiles) character file.

Game seed: 6546478822820437981

69 kae the Gusty (level 4, -3/39 HPs)
             Began as an Ogre Air Elementalist on Apr 10, 2022.
             Slain by a hobgoblin
             ... wielding a +0 quarterstaff
              (8 damage)
             ... on level 2 of the Dungeon.
             The game lasted 00:01:01 (1721 turns).

kae the Gusty (Ogre Air Elementalist)               Turns: 1721, Time: 00:01:01

Health: -3/39      AC:  3    Str: 12    XL:     4   Next: 20%
Magic:  1/8        EV:  9    Int: 18    God:
Gold:   62         SH:  0    Dex:  9    Spells: 3/9 levels left

rFire   . . .      SeeInvis .   d - +0 dagger
rCold   . . .      Faith    .   (no shield)
rNeg    . . .      Spirit   .   a - +0 robe
rPois   .          Reflect  .   (helmet restricted)
rElec   .          Harm     .   (no cloak)
rCorr   .          Rampage  .   (gloves unavailable)
Will    .....                   (boots unavailable)
Stlth   +.........              (no amulet)
HPRegen 0.13/turn               f - +4 ring of slaying
MPRegen 0.11/turn               (no ring)

@: no status effects
A: large, unfitting armour, tough skin 1
a: no special abilities


You were on level 2 of the Dungeon.
You visited 1 branch of the dungeon, and saw 2 of its levels.

You collected 62 gold pieces.

Inventory:

Hand Weapons
 d - a +0 dagger (weapon)
Armour
 a - a +0 robe (worn)
Jewellery
 f - a +4 ring of slaying (left hand)
Wands
 i - a wand of iceblast (9)
Scrolls
 e - 3 scrolls of identify {unknown}
 g - a scroll of teleportation {unknown}
Potions
 b - a potion of magic
 c - 2 potions of might {unknown}
 h - a potion of resistance {unknown}
 j - a potion of flight {unknown}


   Skills:
 - Level 1.7 Dodging
 - Level 1.4 Stealth
 + Level 3.1 Spellcasting
 + Level 1.8 Conjurations
 * Level 3.7 Air Magic


You had 3 spell levels left.
You knew the following spells:

 Your Spells              Type           Power      Damage    Failure   Level
a - Shock                 Conj/Air       48%        1d6       5%          1
b - Static Discharge      Conj/Air       12%        N/A       8%          2
c - Swiftness             Air            16%        N/A       11%         3

Your spell library contained the following spells:

 Spells                   Type           Power      Damage    Failure   Level
 Confusing Touch          Hex            2%         N/A       43%         3
 Portal Projectile        Hex/Tloc       4%         N/A       43%         3
 Airstrike                Air            8%         N/A       34%         4
 Blade Hands              Tmut           1%         N/A       99%         5
 Excruciating Wounds      Necr           1%         N/A       99%         5
 Yara's Violent Unravell  Hex/Tmut       1%         3d3       99%         5
 Enfeeble                 Hex            1%         N/A       100%        7


Dungeon Overview and Level Annotations

Branches:
Dungeon (2/15)

Altars:


Innate Abilities, Weirdness & Mutations

You are too large for most types of armour.
You have tough skin. (AC +1)


Message History

The jackal is almost dead.
You are struck by an arc of lightning.
The jackal is struck by an arc of lightning.
You kill the jackal!
The lightning grounds out.
A dart slug comes into view.
A dart slug is nearby!
A dart slug is nearby!
A dart slug is nearby!
A hobgoblin comes into view. It is wielding a +0 quarterstaff.
A kobold comes into view. It is wielding a +0 club.
Found 19 gold pieces.
Casting: Static Discharge (safe; 8% risk of failure)
Confirm with . or Enter, or press ? or * to list all spells.
You don't have enough magic to cast this spell.
A giant cockroach comes into view.
The kobold shouts!
You hear an angry hiss.
The hobgoblin hits you with a +0 quarterstaff!
You hit the dart slug.
The dart slug is lightly wounded.
The dart slug barely misses you.
The hobgoblin hits you with a +0 quarterstaff!
You are too injured to fight recklessly!
You are too injured to fight recklessly!
You are too injured to fight recklessly!
You are too injured to fight recklessly!
You are too injured to fight recklessly!
You are too injured to fight recklessly!
You are too injured to fight recklessly!
You hit the dart slug.
The dart slug is moderately wounded.
The dart slug bites you but does no damage.
The hobgoblin hits you with a +0 quarterstaff!
* * * LOW HITPOINT WARNING * * *
You hit the dart slug.
The dart slug is heavily wounded.
The kobold hits you with a +0 club.
* * * LOW HITPOINT WARNING * * *
The hobgoblin hits you with a +0 quarterstaff!
You die...

.#.#######<#.###.####
.... ...........†..>+
........##.###.# .
#########....# ..
####..#.# ...
#......†# ....
#.###..##.....
.#.###.........
.......@..#.$.. .#
#.####gwK.# .# .#
...B#.... .#.#
.....†#.#.... ....
#.#.#..#.#.... ... #.
.....#.# ... .# #
.....## ## .#.#
#..... ...+


You could see a dart slug, a giant cockroach, a hobgoblin and a kobold.

Vanquished Creatures
  2 adders (D:2)
  A worm (D:2)
  3 dart slugs
  5 bats
  3 endoplasms
  A giant cockroach (D:1)
  3 goblins
  2 hobgoblins (D:1)
  7 jackals (D:2)
  3 quokkas
  5 ball pythons
  A frilled lizard (D:1)
  2 kobolds
  3 rats
41 creatures vanquished.

Notes
Turn   | Place    | Note
-------+----------+-------------------------------------------
     0 | D:1      | kae the Ogre Air Elementalist began the quest for the Orb.
     0 | D:1      | Reached XP level 1. HP: 16/16 MP: 3/3
     6 | D:1      | Found a faded altar of an unknown god.
   157 | D:1      | Reached skill level 1 in Conjurations
   342 | D:1      | Reached XP level 2. HP: 24/24 MP: 1/5
  1041 | D:1      | Reached XP level 3. HP: 31/31 MP: 7/7
  1128 | D:1      | Learned a level 2 spell: Static Discharge
  1132 | D:1      | Learned a level 3 spell: Swiftness
  1521 | D:2      | Reached XP level 4. HP: 31/39 MP: 0/8
  1721 | D:2      | Slain by a hobgoblin

Illustrated notes

Levels and vault maps discovered:
D:1:      dpeg_arrival_tiny_d, layout_loops_cross,
          chequers_ecumenical_altar_simple, hangedman_glass_teeth
D:2:      layout_basic

Skill      XL: |  1  2  3 |
---------------+----------+-----
Conjurations   | 1 |  1.8
Air Magic      | 3 |  3.7
Spellcasting   | 3 |  3.1
Dodging        | |  1.7
Stealth        | |  1.4

Action                   |  1- 3 |  4- 6 || total
-------------------------+-------+-------++-------
Melee: Unarmed           |    12 |       ||    12
       Dagger            |    44 |    10 ||    54
 Cast: Shock             |    50 |     7 ||    57
       Static Discharge  |       |     2 ||     2
 Stab: Sleeping          |     1 |       ||     1
Armor: Robe              |    23 |     7 ||    30
Dodge: Dodged            |    30 |     5 ||    35

Table legend: (Time is in decaauts)
 A = Elapsed time spent in this place.
 B = Non-inter-level travel time spent in this place.
 C = Inter-level travel time spent in this place.
 D = Time resting spent in this place.
 E = Time spent auto-exploring this place.
 F = Levels seen in this place.
 G = Mean time per level.
                   A        B        C        D        E       F      G
               +--------+--------+--------+--------+--------+-----+--------+
         Total |   1719 |   1697 |     22 |      0 |   1457 |   2 |  859.5 |
       Dungeon |   1719 |   1697 |     22 |      0 |   1457 |   2 |  859.5 |
               +--------+--------+--------+--------+--------+-----+--------+

Top non-repeatable levels by time:
     D:1: 1153 daAuts
     D:2: 566 daAuts
